 Dungeon Crawl Stone Soup version 0.29-a0-43-g62a80824bf (webtiles) character file.

Game seed: 1276111574504893932

86 grumblor the Skirmisher (level 4, -6/24 HPs)
             Began as a Vine Stalker Fighter on Feb 3, 2022.
             Mangled by an ice beast (14 damage)
             ... on level 3 of the Dungeon.
             The game lasted 00:01:52 (2677 turns).

grumblor the Skirmisher (Vine Stalker Fighter)      Turns: 2677, Time: 00:01:53

Health: -6/24      AC:  7    Str: 21    XL:     4   Next: 50%
Magic:  0/5        EV:  9    Int:  8    God:
Gold:   162        SH:  4    Dex: 13    Spells: 3/3 levels left

rFire   . . .      SeeInvis .   a - +0 war axe
rCold   . . .      Faith    .   c - +0 buckler
rNeg    . . .      Spirit   +   b - +0 scale mail
rPois   .          Reflect  .   f - +0 helmet
rElec   .          Harm     .   (no cloak)
rCorr   .          Rampage  .   (no gloves)
Will    .....                   (no boots)
Stlth   ..........              (no amulet)
HPRegen 0.88/turn               (no ring)
MPRegen 0.09/turn               (no ring)

@: no status effects
A: fangs 2, regeneration 1, magic shield, antimagic bite, no potion heal 2
a: no special abilities


You were on level 3 of the Dungeon.
You visited 1 branch of the dungeon, and saw 3 of its levels.

You collected 162 gold pieces.

Inventory:

Hand Weapons
 a - a +0 war axe (weapon)
Armour
 b - a +0 scale mail (worn)
 c - a +0 buckler (worn)
 f - a +0 helmet (worn)
Scrolls
 g - a scroll of immolation {unknown}
 h - a scroll of magic mapping {unknown}
Potions
 d - a potion of might
 e - a potion of haste {unknown}


   Skills:
 * Level 3.4 Fighting
 + Level 2.7 Axes
 + Level 2.6 Armour
 * Level 1.3 Dodging
 + Level 2.7 Shields


You had 3 spell levels left.
You didn't know any spells.
Your spell library contained the following spells:

 Spells                   Type           Power      Damage    Failure   Level
 Frozen Ramparts          Ice            0%         1d2       99%         3
 Ozocubu's Armour         Ice            0%         N/A       99%         3
 Ice Form                 Ice/Tmut       0%         N/A       100%        4
 Summon Ice Beast         Ice/Summ       0%         N/A       100%        4
 Metabolic Englaciation   Hex/Ice        0%         N/A       100%        5
 Simulacrum               Ice/Necr       0%         N/A       100%        6


Dungeon Overview and Level Annotations

Branches:
Dungeon (3/15)

Altars:

Shops:
D:1 !


Innate Abilities, Weirdness & Mutations

You have extremely sharp teeth.
Your natural rate of healing is unusually fast.
When hurt, damage is shared between your health and your magic reserves.
Your bite disrupts and absorbs the magic of your enemies.
Potions cannot restore your health.


Message History

No target in view!
A goblin comes into view. It is wielding a +0 dagger.
Found a book of Winter.
The goblin shouts!
A goblin is nearby!
You closely miss the goblin. The goblin hits you but does no damage.
You closely miss the goblin. Your bite misses the goblin.
The goblin hits you with a +0 dagger. The goblin hits you but does no damage.
You closely miss the goblin. You bite the goblin.
You kill the goblin!
No target in view!
No target in view!
No target in view!
No target in view!
Magic restored.
You now have 162 gold pieces (gained 14).
You pick up a book of Winter and begin reading...
You add the spells Ozocubu's Armour, Metabolic Englaciation and Simulacrum to your library.
No target in view!
g - a scroll labelled BOAFIN UKUY No target in view!
h - a scroll labelled LUOCWEIZAI No target in view!
No target in view!
An ice beast comes into view.
Found a stone staircase leading down.
Okay, then.
You barely miss the ice beast.
The ice beast hits you but does no damage.
The ice beast hits you. The ice beast freezes you!
You hit the ice beast.
The ice beast is lightly wounded.
The ice beast barely misses you.
You slash the ice beast!
The ice beast is heavily wounded.
The ice beast barely misses you. The ice beast hits you.
The ice beast freezes you! The ice beast hits you. The ice beast freezes you!
Ouch! That really hurt!
You die...

...#
.....#..##
##...
.....#...#
.# .........
.# .#
#........
.## .#
#.>.....####
..# .#
#.......#
..# ###.###
#.##.# ..#
#.....#
#.##Y#
..###.....#
#..@.# #
..........#
#..### .#
#.##......#
##..####.#
...#......#
#........#
._....#####
#.#.##.###
...#..#
#.#....#
#.##..#
#.###..#
.....##
#......#
######
#####.##


You could see an ice beast.

Vanquished Creatures
  3 adders (D:2)
  A dart slug (D:2)
  6 ball pythons
  8 endoplasms
  A giant cockroach (D:2)
  9 goblins
  5 hobgoblins
  3 quokkas
  5 bats
  4 frilled lizards (D:1)
  6 kobolds
  3 rats
54 creatures vanquished.

Vanquished Creatures (others)
  2 plants (D:2)
2 creatures vanquished.

Grand Total: 56 creatures vanquished

Notes
Turn   | Place    | Note
-------+----------+-------------------------------------------
     0 | D:1      | grumblor the Vine Stalker Fighter began the quest for the
                  | Orb.
     0 | D:1      | Reached XP level 1. HP: 11/11 MP: 2/2
   391 | D:1      | Reached skill level 3 in Fighting
   447 | D:1      | Reached XP level 2. HP: 14/16 MP: 3/3
   828 | D:1      | Reached XP level 3. HP: 14/20 MP: 2/4
   944 | D:1      | Found Exumots's Distillery.
  1511 | D:2      | Reached skill level 1 in Dodging
  2102 | D:2      | Gained mutation: Your natural rate of healing is unusually
                  | fast. [Vine Stalker growth]
  2102 | D:2      | Reached XP level 4. HP: 23/24 MP: 3/5
  2592 | D:3      | Found a faded altar of an unknown god.
  2667 | D:3      | Noticed an ice beast
  2677 | D:3      | Mangled by an ice beast

Illustrated notes

Levels and vault maps discovered:
D:1:      kilobyte_arrival_exit_the_forest, layout_basic, serial_shops,
          nicolae_diamond_shop
D:2:      layout_basic, grunt_ministairs_2, minmay_shallow_snake_nest
D:3:      layout_loops_cross, ebering_ecumenical_altar_box

Skill      XL: |  1  2  3 |
---------------+----------+-----
Fighting       | 3 |  3.4
Axes           | 2 |  2.7
Dodging        | 1 |  1.3
Armour         | |  2.6
Shields        | |  2.7

Action                   |  1- 3 |  4- 6 || total
-------------------------+-------+-------++-------
Melee: War axe           |    86 |    29 ||   115
       Bite              |     9 |     6 ||    15
  Use: Scroll            |     1 |       ||     1
Armor: Scale mail        |    40 |     9 ||    49
Dodge: Dodged            |    41 |    11 ||    52
Block: Buckler           |    18 |     7 ||    25

Table legend: (Time is in decaauts)
 A = Elapsed time spent in this place.
 B = Non-inter-level travel time spent in this place.
 C = Inter-level travel time spent in this place.
 D = Time resting spent in this place.
 E = Time spent auto-exploring this place.
 F = Levels seen in this place.
 G = Mean time per level.
                   A        B        C        D        E       F      G
               +--------+--------+--------+--------+--------+-----+--------+
         Total |   2731 |   2654 |     77 |    299 |   1997 |   3 |  910.3 |
       Dungeon |   2731 |   2654 |     77 |    299 |   1997 |   3 |  910.3 |
               +--------+--------+--------+--------+--------+-----+--------+

Top non-repeatable levels by time:
     D:1: 1361 daAuts
     D:2: 1219 daAuts
     D:3: 151 daAuts
